 Dungeon Crawl Stone Soup version 0.30.0-5-g1a98f26d00 (webtiles) character file.

Game seed: 8147730173163034829

128 browni3141 the Trooper (level 5, 0/57 HPs)
             Began as an Ogre Delver on May 10, 2023.
             Slain by a kobold
             ... wielding a +0 club
              (4 damage)
             ... on level 5 of the Dungeon.
             The game lasted 00:01:08 (299 turns).

browni3141 the Trooper (Ogre Delver)                 Turns: 299, Time: 00:01:09

Health: 0/57       AC:  3    Str: 18    XL:     5   Next: 11%
Magic:  5/5        EV:  9    Int: 11    God:
Gold:   0          SH:  0    Dex: 10    Spells: 4/4 levels left

rFire   . . .        a - +0 mace
rCold   . . .        (no shield)
rNeg    . . .        b - +0 robe
rPois   .            (helmet restricted)
rElec   .            (no cloak)
rCorr   .            (gloves unavailable)
SInv    .            (boots unavailable)
Will    .....        (no amulet)
Stlth   ++           (no ring)
HPRegen 0.29/turn    (no ring)
MPRegen 0.09/turn

%: no passive effects
@: hasted, very quick
A: large, unfitting armour, tough skin 1
a: no special abilities


You were on level 5 of the Dungeon.
You visited 1 branch of the dungeon, and saw 2 of its levels.

Inventory:

Hand Weapons
 a - a +0 mace (weapon)
Armour
 b - a +0 robe (worn)
Wands
 g - a wand of digging (3)
Scrolls
 d - a scroll of magic mapping
 e - a scroll of fear
 F - a scroll of fog
 G - a scroll of identify {unknown}
 H - a scroll of teleportation {unknown}


   Skills:
 + Level 5.4 Fighting
 * Level 3.9 Maces & Flails
 - Level 1.7 Dodging
 - Level 3.7 Stealth


You had 4 spell levels left.
You didn't know any spells.
Your spell library was empty.

Dungeon Overview and Level Annotations

Branches:
Dungeon (5/15)
 Temple: D:4-7

Altars:


Innate Abilities, Weirdness & Mutations

You are too large for most types of armour.
You have tough skin. (AC +1)


Message History

The kobold attacks as you move away! The kobold closely misses you.
You feel sick.
The kobold brigand throws a poisoned dart.
The poisoned dart barely misses you.
You barely miss the kobold.
You feel sick. The kobold hits you with a +0 dagger.
You hit the kobold.
The kobold is moderately wounded.
You feel sick.
You hit the kobold but do no damage.
The kobold is moderately wounded.
You feel sick.
You are no longer poisoned.
The kobold hits you but does no damage. The kobold hits you with a +0 dagger.
The kobold completely misses you.
A kobold comes into view. It is wielding a +0 club.
The kobold attacks as you move away! The kobold hits you with a +0 dagger.
You hit the kobold.
You kill the kobold!
The kobold brigand throws a poisoned dart.
The poisoned dart hits you!
You are poisoned.
You feel yourself speed up.
You feel sick.
The kobold brigand throws a poisoned dart.
The poisoned dart hits you.
You are more poisoned.
You hit the kobold but do no damage.
You feel sick. The kobold hits you with a +0 dagger.
You closely miss the kobold.
You feel sick.
You sock the kobold!
You kill the kobold!
You feel sick.
You barely miss the kobold brigand.
The kobold brigand is lightly wounded.
You feel sick.
The kobold brigand completely misses you.
You closely miss the kobold brigand.
The kobold brigand is lightly wounded.
You feel sick.
The kobold brigand hits you with a +0 club.
You are too injured to fight recklessly!
You are too injured to fight recklessly!
You barely miss the kobold brigand.
The kobold brigand is lightly wounded.
You feel sick. The kobold brigand barely misses you.
You hit the kobold brigand.
The kobold brigand is moderately wounded.
You feel sick. The kobold brigand closely misses you.
You closely miss the kobold brigand.
The kobold brigand is moderately wounded.
The kobold brigand hits you with a +0 club.
You hit the kobold brigand.
The kobold brigand is moderately wounded.
You feel sick.
You completely miss the kobold brigand.
The kobold brigand is moderately wounded.
You feel sick.
You are no longer poisoned.
The kobold brigand hits you with a +0 club.
* * * LOW HITPOINT WARNING * * *
You hit the kobold brigand.
The kobold brigand is heavily wounded.
The kobold brigand hits you with a +0 club.
* * * LOW HITPOINT WARNING * * *
You hit the kobold brigand.
The kobold brigand is severely wounded.
The kobold brigand hits you with a +0 club.
* * * LOW HITPOINT WARNING * * *
You barely miss the kobold brigand.
The kobold brigand is severely wounded.
The kobold brigand hits you with a +0 club.
* * * LOW HITPOINT WARNING * * *
You hit the kobold brigand.
The kobold brigand is severely wounded.
The kobold brigand barely misses you.
You aren't carrying any potions.
Unknown command.
You closely miss the kobold brigand.
The kobold brigand is severely wounded.
The kobold brigand closely misses you.
You hit the kobold brigand.
The kobold brigand is almost dead.
You thump the kobold brigand!
You kill the kobold brigand!
Your Fighting skill increases to level 5!
You have reached level 5!
You hit the kobold.
The kobold is moderately wounded.
The kobold barely misses you.
You barely miss the kobold.
The kobold is moderately wounded.
The kobold barely misses you.
You closely miss the kobold.
The kobold is moderately wounded.
You hit the kobold.
You kill the kobold!
You hit the kobold.
The kobold is heavily wounded.
The kobold hits you with a +0 club.
You die...

#........... #.##.##
#####..##### #.#...#
#......# #.#...# #....#.#
#.#<..# #..#.#.#
#.....####
####..#.#.##.###..........
......#.#.##.....#........
####.##.#.##..##.#........
..........##..##@#........
.....##..###.# #K#........
.............# #K'........
########.#...#####........
#....>........ .......
############## .......
##...## ...# ..#


You could see 2 kobolds.

Vanquished Creatures
  A kobold brigand (D:5)
  A hound (D:5)
  A sleepcap (D:5)
  A hobgoblin (D:4)
  3 kobolds (D:5)
7 creatures vanquished.

Notes
Turn   | Place    | Note
-------+----------+-------------------------------------------
     0 | D:5      | browni3141 the Ogre Delver began the quest for the Orb.
     0 | D:5      | Reached XP level 1. HP: 24/24 MP: 1/1
    21 | D:5      | Noticed a hound
    28 | D:5      | Killed a hound
    29 | D:5      | Reached XP level 2. HP: 25/33 MP: 2/2
    29 | D:5      | Reached XP level 3. HP: 30/40 MP: 3/3
   165 | D:4      | Noticed a scorpion
   191 | D:5      | Reached skill level 3 in Maces & Flails
   191 | D:5      | Reached XP level 4. HP: 29/49 MP: 4/4
   268 | D:5      | Noticed a kobold brigand
   290 | D:5      | HP: 2/49 [kobold brigand/+0 club (5)]
   294 | D:5      | Killed a kobold brigand
   295 | D:5      | Reached skill level 5 in Fighting
   295 | D:5      | Reached XP level 5. HP: 3/57 MP: 5/5
   299 | D:5      | Slain by a kobold

Illustrated notes

Levels and vault maps discovered:
D:4:      layout_cave_pools, temple_fountains, minmay_rat_hole,
          uniq_crazy_yiuf_cottage
D:5:      layout_basic, fedhas_altar_2, mainiacjoe_overflow_alcove_2

Skill      XL: |  1  2  3  4 |
---------------+-------------+-----
Maces & Flails | 2 3 |  3.9
Fighting       | 5 |  5.4
Dodging        | |  1.7
Stealth        | |  3.7

Action                     |  1- 3 |  4- 6 || total
---------------------------+-------+-------++-------
  Melee: Mace              |    20 |    27 ||    47
    Use: Potion            |       |     1 ||     1
   Stab: Sleeping          |     1 |       ||     1
 Armour: Robe              |     5 |     2 ||     7
  Dodge: Dodged            |    12 |    10 ||    22
